 Dungeon Crawl Stone Soup version 0.27-a0-380-g150de4c316 (webtiles) character file.

Game seed: 15496781888266998334

70 dickylongcocking the Insei (level 4, -2/29 HPs)
             Began as an Octopode Transmuter on Feb 18, 2021.
             Was an Initiate of Cheibriados.
             Slain by an orc
             ... wielding a +0 whip
              (4 damage)
             ... on level 3 of the Dungeon.
             The game lasted 00:01:10 (1740 turns).

dickylongcocking the Insei (Octopode Transmuter)    Turns: 1740, Time: 00:01:11

Health: -2/29      AC:  1    Str: 12    XL:     4   Next: 21%
Magic:  7/7        EV: 13    Int: 17    God:    Cheibriados [......]
Gold:   69         SH:  0    Dex: 13    Spells: 6/7 levels left

rFire    + . .     SeeInvis .     - Unarmed
rCold    + . .     Faith    .   (no shield)
rNeg     . . .     Spirit   .   (helmet restricted)
rPois    +         Reflect  .   (no amulet)
rElec    +         Harm     .   (no ring)
rCorr    +         Rampage  .   (no ring)
Will     .....                  (no ring)
Stlth    ++........             (no ring)
HPRegen  0.09/turn              (no ring)
MPRegen  0.10/turn              (no ring)
                                (no ring)
                                (no ring)

@: resistant, flying, very slow
A: almost no armour, stealthy swim, amphibious, 8 rings, constrict 8, tentacle
spike 1, camouflage 1, strong 1, gelatinous body 1
a: Renounce Religion, Bend Time


You were on level 3 of the Dungeon.
You worshipped Cheibriados.
Cheibriados was noncommittal.
You visited 1 branch of the dungeon, and saw 3 of its levels.

You collected 69 gold pieces.

Inventory:

Jewellery
 d - an amulet of magic regeneration {unknown}
Wands
 j - a wand of acid (4)
Scrolls
 f - 2 scrolls of teleportation {unknown}
 g - a scroll of fog {unknown}
 h - a scroll of noise {unknown}
 i - a scroll of identify {unknown}
Potions
 c - a potion of curing


   Skills:
 * Level 2.1 Fighting
 - Level 2.0 Dodging
 * Level 4.0 Unarmed Combat
 - Level 2.0 Spellcasting
 * Level 2.7 Transmutations


You had 6 spell levels left.
You knew the following spells:

 Your Spells              Type           Power        Failure   Level
a - Beastly Appendage     Tmut           22%          6%          1

Your spell library contained the following spells:

 Spells                   Type           Power        Failure   Level
 Wereblood                Tmut           11%          10%         2
 Spider Form              Tmut/Pois      3%           32%         3
 Ice Form                 Ice/Tmut       6%           73%         4
 Blade Hands              Tmut           5%           86%         5


Dungeon Overview and Level Annotations

Branches:
Dungeon (3/15)

Altars:
Cheibriados
Qazlal
Uskayaw


Innate Abilities, Weirdness & Mutations

You cannot wear most types of armour.
You are very stealthy in the water. (Stealth+)
You are amphibious.
You can wear up to eight rings at the same time.
You can use your tentacles to constrict eight enemies at once.
Your skin changes colour to match your surroundings (Stealth+).
Your rubbery body absorbs attacks. (AC +1, EV +1)
One of your tentacles bears a spike.
Your muscles are strong. (Str +2)


Message History

The orc closely misses you.
There are monsters nearby!
You tentacle-slap the orc. You squeeze the orc.
You kill the orc!
Cheibriados appreciates the change of pace.
The orc priest invokes the aid of Beogh against you.
Beogh smites you!
* * * LOW HITPOINT WARNING * * *
The orc misses you.
It was a potion of curing.
You feel better.
The orc hits you from afar with a +0 trident.
It was a potion of resistance.
You feel protected. The orc hits you but does no damage.
It was a potion of flight.
You feel very buoyant.
You fly up into the air.
The adder bites you.
* * * LOW HITPOINT WARNING * * *
The orc completely misses you.
The orc wizard gestures at itself while chanting.
The orc wizard flickers and vanishes!
Deactivating autopickup; reactivate with Ctrl-A.
You feel better. The adder barely misses you. The orc hits you with a +0 club.
The orc barely misses you. The adder barely misses you.
The orc closely misses you.
It was a potion of mutation.
You feel extremely strange.
You feel stronger.
One of your lower tentacles grows a sharp spike.
The orc hits you with a +0 club. The adder bites you.
* * * LOW HITPOINT WARNING * * *
The orc closely misses you. Something barely misses you.
Unknown command.
Unknown command.
Unknown command.
You feel protected. The adder barely misses you.
The orc hits you with a +0 club.
* * * LOW HITPOINT WARNING * * *
Something hits you but does no damage. The orc hits you but does no damage.
The orc hits you with a +0 whip.
You die...

###########
..........#
..........#####
..............##
......S@.......#
......ooo.#.#..#
.....o....+....#
.....?....#.<..#
..........#....#
#..#+######....#
#.. ..........#
## #######...#
..........#


You could see an orc priest, an adder and 3 orcs.

Vanquished Creatures
  3 adders (D:2)
  A worm (D:2)
  2 dart slugs
  An orc (D:3)
  2 giant cockroaches
  5 goblins
  2 hobgoblins (D:2)
  3 jackals (D:2)
  5 bats
  2 frilled lizards (D:1)
  4 kobolds
  4 rats
34 creatures vanquished.

Notes
Turn   | Place    | Note
-------+----------+-------------------------------------------
     0 | D:1      | dickylongcocking the Octopode Transmuter began the quest
                  | for the Orb.
     0 | D:1      | Reached XP level 1. HP: 13/13 MP: 3/3
   217 | D:1      | Reached XP level 2. HP: 18/18 MP: 5/5
   821 | D:2      | Found a faded altar of an unknown god.
   896 | D:2      | Reached XP level 3. HP: 23/23 MP: 6/6
   911 | D:2      | Found a hide-covered altar of Uskayaw.
   913 | D:2      | Found a stormy altar of Qazlal.
   915 | D:2      | Found a snail-covered altar of Cheibriados.
   967 | D:2      | Became a worshipper of Cheibriados the Contemplative
  1520 | D:2      | Reached skill level 4 in Unarmed Combat
  1520 | D:2      | Reached XP level 4. HP: 29/29 MP: 7/7
  1739 | D:3      | Gained mutation: Your muscles are strong. (Str +2) [potion
                  | of mutation]
  1739 | D:3      | Gained mutation: One of your tentacles bears a spike.
                  | [potion of mutation]
  1740 | D:3      | Slain by an orc

Illustrated notes

Levels and vault maps discovered:
D:1:      minmay_arrival_nine_rooms, layout_loops_cross
D:2:      layout_rooms, grunt_temple_overflow_open,
          chequers_ecumenical_altar_simple
D:3:      layout_basic, nicolae_overflow_crystal_walls, uniq_crazy_yiuf_cottage

Skill      XL: |  1  2  3 |
---------------+----------+-----
Fighting       | 2 |  2.1
Unarmed Combat | 4 |  4.0
Dodging        | |  2.0
Spellcasting   | |  2.0
Transmutations | |  2.7

Action                   |  1- 3 |  4- 6 || total
-------------------------+-------+-------++-------
Melee: Unarmed           |    69 |    10 ||    79
       Constrict         |    19 |     2 ||    21
       Tentacles         |    14 |     1 ||    15
  Use: Potion            |       |     6 ||     6
 Stab: Sleeping          |     9 |       ||     9
Armor: Skin              |     7 |     5 ||    12
Dodge: Dodged            |    47 |    12 ||    59

Table legend: (Time is in decaauts)
 A = Elapsed time spent in this place.
 B = Non-inter-level travel time spent in this place.
 C = Inter-level travel time spent in this place.
 D = Time resting spent in this place.
 E = Time spent auto-exploring this place.
 F = Levels seen in this place.
 G = Mean time per level.
                   A        B        C        D        E       F      G
               +--------+--------+--------+--------+--------+-----+--------+
         Total |   1849 |   1808 |     41 |    316 |   1249 |   3 |  616.3 |
       Dungeon |   1849 |   1808 |     41 |    316 |   1249 |   3 |  616.3 |
               +--------+--------+--------+--------+--------+-----+--------+

Top non-repeatable levels by time:
     D:2: 984 daAuts
     D:1: 819 daAuts
     D:3: 46 daAuts
